 Dungeon Crawl Stone Soup version 0.25.0-9-g26727b657a (webtiles) character file.

Game seed: 11366709895779487876

872 Descartes the Scratcher (level 7, 0/31 HPs)
             Began as a Felid Warper on June 20, 2020.
             Succumbed to Duvessa's poison
             ... on level 5 of the Dungeon.
             The game lasted 00:16:17 (8328 turns).

Descartes the Scratcher (Felid Warper)              Turns: 8328, Time: 00:16:18

Health: 0/31       AC:  2    Str:  9    XL:     7   Next: 74%
Magic:  11/11      EV: 22    Int: 14    God:
Gold:   249        SH:  5    Dex: 16    Spells: 0/10 levels left
                                        Lives:  0   Deaths: 2

rFire    + . .     SeeInvis +     - Unarmed
rCold    + + .     Gourm    .   (shield unavailable)
rNeg     . . .     Faith    .   (armour unavailable)
rPois    +         Spirit   .   (helmet unavailable)
rElec    +         Reflect  +   (cloak unavailable)
rCorr    +         Harm     .   (gloves unavailable)
MR       +....                  (boots unavailable)
Stlth    ++++......             k - amulet of reflection
HPRegen  0.10/turn              h - ring of protection from cold
MPRegen  0.12/turn              (no ring)

@: lethally poisoned (0 -> -31), resistant, quick
A: very small, no armour, no weapons or thrown items, stealth, claws 1, fangs 3,
see invisible, carnivore, speed 1, shaggy fur 2, slow metabolism 1, sharp paws
a: no special abilities


You were on level 5 of the Dungeon.
You were not hungry.

You visited 2 branches of the dungeon, and saw 6 of its levels.

You collected 249 gold pieces.

Inventory:

Missiles
 f - 164 stones
 r - 55 arrows
Jewellery
 h - a ring of protection from cold (left paw)
 k - an amulet of reflection (around neck)
Scrolls
 b - a scroll of blinking
 d - 2 scrolls of remove curse
 e - a scroll of amnesia {unknown}
 i - 3 scrolls of teleportation {unknown}
 j - a scroll of magic mapping {unknown}
 l - a scroll of noise {unknown}
 m - a scroll of fear {unknown}
 o - 4 scrolls of enchant armour {unknown}
 q - 3 scrolls of fog {unknown}
Potions
 a - 2 potions of curing {unknown}
 n - 2 potions of resistance
 p - 2 potions of brilliance {unknown}
 s - a potion of magic {unknown}
Comestibles
 c - 9 rations


   Skills:
 - Level 3.5 Fighting
 + Level 6.4 Dodging
 + Level 6.6 Stealth
 * Level 7.1 Unarmed Combat
 - Level 2.0 Spellcasting
 + Level 1.7 Hexes
 - Level 2.0 Charms
 + Level 4.9 Translocations


You couldn't memorise any spells.
You knew the following spells:

 Your Spells              Type           Power        Failure   Level  Hunger
a - Blink                 Tloc           N/A          4%          2    ###....
b - Shroud of Golubria    Chrm/Tloc      ##....       9%          2    ###....
c - Teleport Other        Tloc           ###.....     10%         3    ####...
d - Confusing Touch       Hex            #.......     34%         3    ####...

Your spell library contained the following spells:

 Spells                   Type           Power        Failure   Level  Hunger
 Gell's Gravitas          Tloc           ###.......   10%         3    ####...
 Lesser Beckoning         Tloc           ###.......   10%         3    ####...
 Passage of Golubria      Tloc           N/A          32%         4    #####..
 Petrify                  Tmut/Erth      #.......     93%         4    #####..
 Metabolic Englaciation   Hex/Ice        #.........   99%         5    ######.
 Yara's Violent Unravell  Hex/Tmut       #.........   99%         5    ######.


Dungeon Overview and Level Annotations

Branches:
Dungeon (5/15)             Temple (1/1) D:4

Altars:
Ashenzari
Cheibriados
Dithmenos
Elyvilon
Fedhas
Gozag
Hepliaklqana
Kikubaaqudgha
Makhleb
Nemelex Xobeh
Okawaru
Qazlal
Ru
Sif Muna
Trog
Uskayaw
Vehumet
Wu Jian
Xom
Yredelemnul
Zin
The Shining One

Shops:
D:5 :[

Annotations:
D:5 exclusion: scorpion, Dowan, Duvessa


Innate Abilities, Weirdness & Mutations

You cannot wear armour.
You are incapable of wielding weapons or throwing items.
Your paws allow you to move quietly. (Stealth)
You have sharp claws.
You have razor-sharp teeth.
You have supernaturally acute eyesight. (SInv)
You are carnivorous and can eat meat at any time.
You cover ground quickly.
You are covered in thick fur. (AC +2)
You have a slow metabolism.
Your sharp claws are effective at attacking unaware monsters.


Message History

Your shroud begins to fray at the edges.
You feel sick. Duvessa misses you. Duvessa completely misses you.
You barely miss Duvessa.
Duvessa is heavily wounded.
Duvessa hits you with a +0 short sword of venom.
You claw Duvessa!
Duvessa is almost dead.
You feel sick. Duvessa completely misses you.
You scratch Duvessa but do no damage.
Duvessa is almost dead.
Duvessa barely misses you.
You feel sick.
Duvessa says, "My weaknesses are his strengths!"
You scratch Duvessa.
Duvessa is almost dead.
Duvessa hits you with a +0 short sword of venom!
* * * LOW HITPOINT WARNING * * *
Your shroud falls apart!
You are more poisoned.
Dowan closely misses you. Duvessa barely misses you.
You die...

#........#.######.......#.
#......#...#.........#####
.................#### #
..........#.###..# #
.#.#.#............#### ###
.....##.....#........# #..
....<.......#........###.# ..
#.#.#.##....#........#...#
....#. #..##@..#............#
.....#.# #.#............[.....
........ #..ee..#....>.......#
........####...#...........####
.........##..#.....##......###.
.......#.##..###...####......#.
............##....####....#...
###........#..##.....#.......
#.............##.#.#.)##...


You could see Duvessa (fast) and Dowan.

Vanquished Creatures
  Grinder (D:5)
  Menkaure (D:5)
  A sky beast (D:3)
  A phantom (D:4)
  4 ogres
  A big kobold (D:4)
  A scorpion (D:5)
  5 orc priests (D:4)
  An iguana (D:4)
  2 orc wizards (D:4)
  3 worker ants (D:4)
  4 adders
  An ooze (D:3)
  3 worms
  3 dart slugs
  3 leopard geckos
  7 orcs
  2 ball pythons (D:3)
  8 bats
  6 giant cockroaches
  2 goblins
  7 hobgoblins
  11 jackals
  5 quokkas
  A frilled lizard (D:4)
  3 kobolds
  7 rats
94 creatures vanquished.

Notes
Turn   | Place    | Note
-------+----------+-------------------------------------------
     0 | D:1      | Descartes the Felid Warper began the quest for the Orb.
     0 | D:1      | Reached XP level 1. HP: 9/9 MP: 4/4
   516 | D:1      | Reached skill level 1 in Stealth
   910 | D:1      | Reached XP level 2. HP: 13/13 MP: 6/6
  1318 | D:2      | Found an opulent altar of Gozag.
  1393 | D:2      | Reached skill level 3 in Unarmed Combat
  1393 | D:2      | Reached XP level 3. HP: 16/16 MP: 7/7
  2312 | D:3      | Reached XP level 4. HP: 15/19 MP: 8/8
  2336 | D:2      | Learned a level 2 spell: Blink
  2339 | D:2      | Learned a level 2 spell: Shroud of Golubria
  2343 | D:2      | Learned a level 3 spell: Teleport Other
  2834 | D:3      | Found an iron altar of Okawaru.
  2960 | D:3      | Reached skill level 4 in Unarmed Combat
  2972 | D:3      | Noticed a sky beast
  2995 | D:3      | Slain by a sky beast
  2996 | D:3      | Reached XP level 3. HP: -2/16 MP: 7/7
  3013 | D:3      | Found a glowing golden altar of the Shining One.
  4142 | D:4      | Reached XP level 4. HP: 1/19 MP: 8/8
  4632 | D:4      | Noticed an ogre
  4635 | D:4      | Killed an ogre
  4635 | D:4      | Reached XP level 5. HP: 22/22 MP: 9/9
  4682 | D:4      | Reached skill level 5 in Unarmed Combat
  4753 | D:4      | Gained mutation: You are covered in thick fur. (AC +2)
                  | [Felid growth]
  4753 | D:4      | Reached XP level 6. HP: 14/26 MP: 10/10
  4982 | D:4      | Found a staircase to the Ecumenical Temple.
  4996 | Temple   | Entered the Ecumenical Temple
  5151 | D:4      | Reached skill level 1 in Charms
  5243 | D:4      | Reached skill level 5 in Dodging
  5243 | D:4      | Reached skill level 5 in Stealth
  5301 | D:4      | Reached XP level 7. HP: 13/30 MP: 8/11
  5825 | D:4      | Reached skill level 6 in Unarmed Combat
  6389 | D:3      | Found a glowing golden altar of the Shining One.
  6719 | D:3      | Found an iron altar of Okawaru.
  7080 | D:5      | Entered Level 5 of the Dungeon
  7080 | D:5      | Noticed Duvessa
  7080 | D:5      | Noticed Dowan
  7119 | D:5      | Noticed Menkaure
  7121 | D:5      | Killed Menkaure
  7142 | D:5      | Noticed Grinder
  7173 | D:5      | Paralysed by Grinder for 6 turns
  7381 | D:5      | Paralysed by Grinder for 6 turns
  7387 | D:5      | Slain by Grinder
  7388 | D:5      | Reached XP level 6. HP: -4/28 MP: 10/10
  7455 | D:5      | Reached XP level 7. HP: 9/31 MP: 11/11
  7809 | D:5      | Learned a level 3 spell: Confusing Touch
  7817 | D:5      | Found Qazxuqex's Antique Armour Boutique.
  8238 | D:5      | Found Mete's Book Shoppe.
  8287 | D:5      | Paralysed by Grinder for 4 turns
  8302 | D:5      | Killed Grinder
  8302 | D:5      | Reached skill level 7 in Unarmed Combat
  8302 | D:5      | Reached skill level 1 in Hexes
  8328 | D:5      | Succumbed to Duvessa's poison

Illustrated notes

Levels and vault maps discovered:
D:1:      lightli_molten_gateway, layout_basic, minmay_tetromino_s4
D:2:      layout_loops_ring, nrook_campfire, kennysheep_doodads,
          nicolae_gozag_seed_capital
D:3:      minmay_evil_eye, layout_loops_corners, nicolae_overflow_crystal_walls,
          tso_metal_star
D:4:      minmay_razor_zed, layout_basic, minmay_temple_entry_statues_fountains
D:5:      layout_rooms, first_ration, serial_shops, shop, kennysheep_mini_moat,
          shop, bh_walls_and_bars, uniq_grinder, uniq_duvessa, uniq_menkaure
Temple:   kilobyte_greek_temple

Skill      XL: |  1  2  3  4  5  6  7 |
---------------+----------------------+-----
Stealth        | 1 2 4 5 6 |  6.6
Unarmed Combat | 3 4 5 7 |  7.1
Dodging        | 4 5 6 |  6.4
Charms         | 1 2 |  2.0
Fighting       | 3 |  3.5
Hexes          | 1 |  1.7
Spellcasting   | |  2.0
Translocations | |  4.9

Action                   |  1- 3 |  4- 6 |  7- 9 || total
-------------------------+-------+-------+-------++-------
Melee: Unarmed           |   131 |   133 |   103 ||   367
       Bite              |    10 |    15 |    15 ||    40
       Punch             |     2 |     1 |     5 ||     8
 Cast: Shroud of Golubri |     3 |     6 |    14 ||    23
       Confusing Touch   |       |       |     1 ||     1
  Use: Scroll            |     4 |     2 |       ||     6
       Potion            |     1 |     3 |     2 ||     6
 Stab: Sleeping          |    14 |     9 |     1 ||    24
       Confused          |       |       |     1 ||     1
  Eat: Chunk             |    18 |     3 |     6 ||    27
Armor: Skin              |     8 |     1 |       ||     9
Dodge: Dodged            |   100 |    66 |    59 ||   225
Block: Other             |     1 |    14 |    14 ||    29
       Reflection        |       |       |     1 ||     1
